[Event "*** Titled Tuesday Blitz"]
[Site "Chess.com"]
[Date "2020.04.07"]
[Round "6"]
[White "Bathory44"]
[Black "anon219"]
[Result "0-1"]
[WhiteElo "2548"]
[BlackElo "2799"]
[TimeControl "180+1"]
[EndTime "14:08:08 PDT"]
[Termination "anon219 won by resignation"]

1. e4 c6 2. c4 d5 3. cxd5 cxd5 4. exd5 Nf6 5. Nc3 Nxd5 6. Nf3 Nc6 7. Bb5 e6 8. O-O Be7 9. d4 O-O 10. Re1 Bd7 11. Bd3 Bf6 12. Nxd5 exd5 13. Ne5 Nxd4 14. Bxh7+ Kxh7 15. Qxd4 Be6 16. Bf4 Rc8 17. Rad1 Qa5 18. a3 g6 19. Qd3 Rfe8 20. Nxg6 Bf5 21. Nf8+ Kg7 22. Qg3+ Bg6 23. b4 Qb5 24. Nxg6 fxg6 25. Qh3 Rh8 26. Qg3 Rce8 27. Be5 Qc6 28. Bxf6+ Qxf6 29. Qc7+ Kh6 30. Qxb7 Rxe1+ 31. Rxe1 Re8 32. Rf1 d4 33. Qd5 Rd8 34. Qf3 Qxf3 35. gxf3 Kg5 36. Rd1 d3 37. Kf1 Kf4 38. Kg2 d2 39. h4 Rd3 40. a4 Ke5 41. b5 Kd4 42. Kf1 Kc3 43. a5 Rd8 44. b6 axb6 45. axb6 Kc2 46. Rxd2+ Kxd2 47. Kg2 Rb8 48. Kg3 Rxb6 49. Kg4 Rb5 50. f4 Ke2 51. f5 Rxf5 52. f4 Ke3 53. h5 Rxh5 54. f5 Rxf5 0-1

[Event "*** Titled Tuesday Blitz"]
[Site "Chess.com"]
[Date "2020.04.07"]
[Round "6"]
[White "H3nriqueTV"]
[Black "stasiek18"]
[Result "0-1"]
[WhiteElo "2182"]
[BlackElo "2408"]
[TimeControl "180+1"]
[EndTime "14:08:08 PDT"]
[Termination "stasiek18 won by resignation"]

1. e4 d5 2. exd5 Qxd5 3. Nc3 Qa5 4. d4 Nf6 5. Nf3 Bf5 6. g3 e6 7. Bg2 Nc6 8. O-O O-O-O 9. Be3 Bb4 10. Nh4 Bxc3 11.
bxc3 Be4 12. Bxe4 Nxe4 13. c4 Qc3 14. Qf3 Nf6 15. Rfd1 Qxc4 16. Rab1 Rd5 17. c3 Rhd8 18. Rdc1 a6 19. Ng2 Rf5 20. Qd1 Nd5 21. Qc2 h5 22. Qb2 b5 23. Qa3 Kb7 24. Rb4 Ncxb4 25. cxb4 Qxb4 26. Qd3 g5 27. Qc2 Rd6 28. Rb1 Qc3 29. Qe2 h4 30. Rc1 Qa3 31. Ne1 Rc6 32. Rxc6 Kxc6 33.
Nd3 h3 34. Qc2+ Kb6 35. Bc1 Qc3 36. Qd1 g4 37. Nc5 Rf3 38. Nd7+ Ka7 39. Bd2 Rd3 0-1

[Event "*** Titled Tuesday Blitz"]
[Site "Chess.com"]
[Date "2020.04.07"]
[Round "6"]
[White "RestartingChess"]
[Black "Keaton87"]
[Result "1-0"]
[WhiteElo "2377"]
[BlackElo "2600"]
[TimeControl "180+1"]
[EndTime "14:08:09 PDT"]
[Termination "RestartingChess won by checkmate"]

1. e4 c5 2. Nc3 a6 3. f4 b5 4.
a3 Bb7 5. Nf3 e6 6. Be2 d5 7. exd5 exd5 8. d4 c4 9. O-O Nf6 10. Ne5 Be7 11. Bf3 O-O 12. g4 Ne4 13. Bg2 Nd7 14. Bxe4 dxe4 15. d5 Nc5 16. Be3 Rc8 17.
g5 Nd7 18. d6 Nxe5 19. dxe7 Qxe7 20. fxe5 Qxe5 21. Qd7 Bc6 22. Qf5 Qb8 23. Bc5 e3 24. Bxf8 Rxf8 25. Rae1 Ba8 26. Rxe3 Qb7 27. Ne4 Qb6 28. Qf2 Qg6 29. Ng3 Qxg5 30. Re8 Qd5 31.
Rxf8+ Kxf8 32. Re1 h5 33. h4 g5 34. Ne4 gxh4 35. Qc5+ Kg7 36. Qxd5 Bxd5 37. Nd6 Kf6 38. Kh2 Kg5 39. Kh3 Be6+ 40. Kg2 Bd5+ 41. Kh2 f6 42. Ne4+ Kf5 43. Nc5 a5 44. Nd7 Kg5 45. Rg1+ Kf5 46.
Rf1+ Ke6 47. Nxf6 Bc6 48. Nxh5 Be4 49. Nf4+ Ke5 50. c3 Bf5 51. Ng2 Bh7 52. Re1+ Kd5 53. Nxh4 b4 54. Nf3 bxc3 55. bxc3 Kc5 56. Re5+ Kb6 57. Nd4 Bd3 58. Kg3 a4 59. Kf4 Bc2 60. Kg5 Bb3 61. Kf6 Ka6 62. Ke6 Kb6 63. Kd5 Kc7 64. Re6 Kd7 65. Rd6+ Ke7 66. Ke5 Kf7 67. Nf5 Ke8 68. Ke6 Kf8 69. Rc6 Kg8 70. Kf6 Kh7 71.
Rc7+ Kg8 72. Kg6 Kf8 73. Rc8# 1-0

[Event "*** Titled Tuesday Blitz"]
[Site "Chess.com"]
[Date "2020.04.07"]
[Round "6"]
[White "guillembaches"]
[Black "Taabling"]
[Result "0-1"]
[WhiteElo "2437"]
[BlackElo "2307"]
[TimeControl "180+1"]
[EndTime "14:08:09 PDT"]
[Termination "Taabling won by resignation"]

1. e4 e5 2. Nf3 d5 3. d3 Nc6 4.
Nbd2 Nf6 5. c3 Be7 6. Qc2 O-O 7. Be2 a5 8. a4 Re8 9. O-O b6 10. Rd1 Bb7 11. Nf1 h6 12. Ng3 Bf8 13. Nf5 Qd7 14.
Be3 Rad8 15. Ng3 Qe6 16. h3 g6 17. Qc1 Kh7 18. Qc2 Bg7 19. Rac1 dxe4 20. dxe4 Ne7 21. Nd2 Nc8 22. Nc4 Nd6 23. Nxd6 Rxd6 24. Rxd6 Qxd6 25. Rd1 Qe7 26. Bb5 Rd8 27. f3 h5 28.
Nf1 Bh6 29. Bxh6 Kxh6 30. Rxd8 Qxd8 31. Qd2+ Qxd2 32. Nxd2 Nh7 33. Be8 f6 34. Kf2 h4 35.
Nc4 Ng5 36. Bd7 Nf7 37. Ke3 Kg5 38. Be6 Nd6 39. Nxd6 cxd6 40. b4 f5 41. Bd5 Ba6 42.
bxa5 bxa5 43. c4 Kf6 44. Kd3 g5 45. Bc6 g4 46. exf5 gxh3 47. gxh3 Kxf5 48. Bb5 Bc8 49. Ke3 Kf6 50. Be8 Bxh3 51. Kf2 Be6 52. Bb5 Kf5 53.
Kg2 Kf4 54. Kf2 h3 55. Bd7 Bxd7 0-1

[Event "*** Titled Tuesday Blitz"]
[Site "Chess.com"]
[Date "2020.04.07"]
[Round "6"]
[White "MalyDominator"]
[Black "Qingdom"]
[Result "0-1"]
[WhiteElo "2246"]
[BlackElo "2142"]
[TimeControl "180+1"]
[EndTime "14:08:09 PDT"]
[Termination "Qingdom won on time"]

1. e4 c5 2. Nf3 Nc6 3. d4 cxd4 4. Nxd4 e5 5. Nb5 d6 6. c4 Be7 7. N1c3 a6 8. Na3 Be6 9. Be2 Rc8 10. Nc2 Bg5 11. O-O Bxc1 12. Rxc1 Nf6 13. b3 O-O 14. Ne3 Nd4 15. Bd3 Nd7 16. Ne2 Nxe2+ 17. Qxe2 Nc5 18. Rfd1 Qe7 19. Bc2 Rfd8 20. b4 Nd7 21. Bb3 b6 22.
Qf3 a5 23. a3 axb4 24. axb4 b5 25. Nf5 Bxf5 26. Qxf5 bxc4 27. Bxc4 Nb6 28. Bb3 g6 29. Qf3 Rxc1 30. Rxc1 d5 31. exd5 Qxb4 32. g3 Nc8 33. Qf6 Qf8 34. Qxe5 Nd6 35. Rc7 Re8 36. Qc3 Qg7 37.
Qxg7+ Kxg7 38. Rd7 Nf5 39. d6 Rf8 40. g4 Nd4 41.
Bd5 Kf6 42. Re7 Ne6 43. Bxe6 fxe6 44. Rxh7 Rd8 45. d7 Kg5 46. Kg2 Kxg4 47. h3+ Kf4 48. Rf7+ Ke5 49. Kf3 Kd6 50. Kf4 Rh8 51. Kg5 Kc7 52.
h4 Rh5+ 53. Kxg6 Rxh4 54. f4 Rg4+ 55. Kh5 Rg1 0-1

[Event "*** Titled Tuesday Blitz"]
[Site "Chess.com"]
[Date "2020.04.07"]
[Round "6"]
[White "chessintuit"]
[Black "jk13"]
[Result "0-1"]
[WhiteElo "2616"]
[BlackElo "2829"]
[TimeControl "180+1"]
[EndTime "14:08:10 PDT"]
[Termination "jk13 won on time"]

1. e4 e5 2. Nf3 Nc6 3. Bb5 a6 4. Ba4 Nf6 5. d4 exd4 6. O-O b5 7. Bb3 d6 8. Ng5 Ne5 9. f4 Bg4 10. Qxd4 c5 11. Qc3 c4 12. fxe5 dxe5 13. Bxc4 bxc4 14. Qxe5+ Be7 15. Nd2 O-O 16. Nxc4 Be2 17. Ne3 Bxf1 18. Nxf1 Bd6 19. Qf5 Re8 20. Be3 h6 21. Nf3 Nxe4 22. Bd4 Qc8 23. Qxc8 Raxc8 24. c3 Bc5 25. Rd1 Rcd8 26.
Ng3 Nxg3 27. hxg3 Re2 28. Rb1 Bxd4+ 29. Nxd4 Rd2 30. a4 Rc8 31. Kf1 Rc4 32. Nf3 Rd5 33. Ra1 Re4 34. b4 Rc4 35. Rc1 Rd3 36. Rb1 Rdxc3 37. Kf2 Rc2+ 38. Ke3 R4c3+ 39. Kd4 Ra3 40. b5 Rxa4+ 41. Kd3 Rxg2 42. b6 Ra3+ 43. Ke4 Re2+ 44. Kf4 Re8 45. b7 Rb8 46. Nd4 Rc3 47. Nf5 Rc7 48. Nd6 f6 49. Kf5 Kf8 50. Ke6 Rc6 51. Kd7 Rc2 0-1

[Event "*** Titled Tuesday Blitz"]
[Site "Chess.com"]
[Date "2020.04.07"]
[Round "6"]
[White "joshdaruca"]
[Black "tacticthunder"]
[Result "1-0"]
[WhiteElo "2761"]
[BlackElo "2531"]
[TimeControl "180+1"]
[EndTime "14:08:10 PDT"]
[Termination "joshdaruca won on time"]

1. e4 c5 2. Nc3 Nc6 3. Bb5 Nf6 4. Nf3 Qc7 5. O-O a6 6. Bxc6 dxc6 7. d3 e5 8. h3 Bd6 9. a4 a5 10. Be3 b6 11. Nd2 Be6 12. b3 h6 13. Nc4 g5 14. Ne2 g4 15. hxg4 Nxg4 16. Bd2 O-O-O 17. f3 Nf6 18. Qe1 Rdg8 19. Bc3 Rg6 20. Qh4 Rhg8 21. Rf2 Nd7 22. Kf1 f5 23. exf5 Bxf5 24. g4 Be6 25. Ng3 Nf6 26. Nf5 Bxf5 27. gxf5 Rg5 28. f4 Rxf5 29. fxe5 Rxf2+ 30. Qxf2 Ng4 31. Qf5+ Kb8 32.
exd6 Qd8 33. Ke2 Qh4 34. Rf1 Re8+ 35. Kd1 Qh3 36. d7 Rd8 37. Kc1 h5 38. Nxb6 Qe3+ 39. Kb2 Qe2 40. Nc4 h4 41. Bxa5 Rxd7 42. Qxd7 1-0

[Event "*** Titled Tuesday Blitz"]
[Site "Chess.com"]
[Date "2020.04.07"]
[Round "6"]
[White "Alonmindlin"]
[Black "UCantHandleDenker"]
[Result "1-0"]
[WhiteElo "2660"]
[BlackElo "2481"]
[TimeControl "180+1"]
[EndTime "14:08:10 PDT"]
[Termination "Alonmindlin won on time"]

1. d4 Nf6 2. c4 c5 3. d5 d6 4. Nc3 g6 5. e4 Bg7 6. f3 O-O 7.
Be3 e6 8. Qd2 exd5 9. cxd5 a6 10.
a4 Re8 11. Be2 h5 12. Ra3 Qa5 13. Bd1 Nbd7 14. Nge2 Ne5 15. Bb3 h4 16. O-O h3 17.
g4 Qb4 18. g5 Nh5 19. a5 Bd7 20. Qc2 Nc4 21. Bxc4 Qxc4 22. Qb3 Qxb3 23. Rxb3 Rab8 24. Rb6 Bf8 25. Rb1 Rec8 26. b4 cxb4 27. R1xb4 Rc7 28.
Kf2 Bg7 29. Bd4 Bxd4+ 30. Rxd4 Rbc8 31. Rxd6 Bb5 32. Nxb5 axb5 33. Rd2 Rc2 34. Rxc2 Rxc2 35. Ke3 Ra2 36. Rb6 Rxa5 37. Rxb7 Ra3+ 38. Kd4 Ra2 39.
Ke3 Ra3+ 40. Kd2 Ra2+ 41. Kd3 Ra3+ 42. Nc3 Nf4+ 43. Kd4 Ra1 44. d6 Ne6+ 45. Ke5 Rh1 46. Kf6 Rxh2 47. Rb8+ Kh7 48. Kxf7 Nxg5+ 49. Kf6 Rd2 50.
Rxb5 h2 51. Rb1 1-0

[Event "*** Titled Tuesday Blitz"]
[Site "Chess.com"]
[Date "2020.04.07"]
[Round "6"]
[White "MilanovicDan"]
[Black "Incognito_Knight"]
[Result "1-0"]
[WhiteElo "2400"]
[BlackElo "2698"]
[TimeControl "180+1"]
[EndTime "14:08:11 PDT"]
[Termination "MilanovicDan won by resignation"]

1. d4 d5 2. Bf4 Nf6 3. e3 c5 4. c3 Nc6 5. Nd2 cxd4 6. exd4 Bf5 7. Qb3 Qc8 8. Ngf3 e6 9. Be2 Be7 10. O-O O-O 11. h3 h6 12. Rfe1 Ne4 13. Bf1 a6 14. a4 Qd7 15. Nxe4 Bxe4 16. Nd2 Bg6 17. Qd1 Bd6 18. Bxd6 Qxd6 19. a5 e5 20. dxe5 Nxe5 21. Nb3 Rad8 22. Nd4 Rfe8 23. Qb3 Qc7 24. Re3 Kh7 25.
Rae1 f6 26. Qb4 Bf7 27. f4 Nc6 28. Nxc6 Qxc6 29. Rxe8 Rxe8 30. Bd3+ Bg6 31. Bxg6+ Kxg6 32. Rxe8 Qxe8 33. Kf2 Qe4 34. Qxe4+ dxe4 35. g4 f5 36. Ke3 Kf6 37. gxf5 Kxf5 38. c4 g5 39. fxg5 hxg5 40. b4 Ke5 41. b5 Kd6 42. Kxe4 Kc5 43. bxa6 bxa6 44. Kf5 Kb4 45. Kxg5 Kxa5 46. h4 Kb4 47. h5 1-0

[Event "*** Titled Tuesday Blitz"]
[Site "Chess.com"]
[Date "2020.04.07"]
[Round "6"]
[White "VitaliyBernadskiy"]
[Black "florianschwabeneder"]
[Result "1-0"]
[WhiteElo "2725"]
[BlackElo "2517"]
[TimeControl "180+1"]
[EndTime "14:08:11 PDT"]
[Termination "VitaliyBernadskiy won by checkmate"]

1. e4 c5 2. Nf3 d6 3. d4 cxd4 4. Nxd4 Nf6 5. Nc3 Nc6 6. Bg5 e6 7. Qd3 a6 8. Nxc6 bxc6 9. O-O-O Be7 10. f4 Qc7 11. Be2 Rb8 12. g4 h6 13. Bh4 g5 14.
fxg5 Nd7 15. Bg3 Nc5 16. Qd4 e5 17. Qf2 hxg5 18. Bc4 Rh7 19. h3 Qb6 20. Bb3 a5 21. Rhf1 f6 22. Kd2 Rxh3 23. Rb1 Bxg4 24. Qg2 a4 25. Bf2 Bd7 26. Nxa4 Qb4+ 27. Nc3 Rxc3 28. bxc3 Nxe4+ 29. Kc1 Qa3+ 30. Rb2 Nxc3 31. Qh2 Nxa2+ 32. Kd1 Qxb2 33. Qh8+ Bf8 34. Qxf6 Rxb3 35. Qg6+ Kd8 36. Bb6+ Kc8 37. Rxf8+ Kb7 38. Rb8+ Kxb8 39. Qxd6+ Kb7 40. Qc7+ Ka6 41. Qa7+ Kb5 42. Qa5+ Kc4 43. Qc5# 1-0

[Event "*** Titled Tuesday Blitz"]
[Site "Chess.com"]
[Date "2020.04.07"]
[Round "6"]
[White "EugeneRougon"]
[Black "Schandenfreude"]
[Result "1-0"]
[WhiteElo "2714"]
[BlackElo "2513"]
[TimeControl "180+1"]
[EndTime "14:08:11 PDT"]
[Termination "EugeneRougon won on time"]

1. e4 e6 2. d4 d5 3. Nd2 dxe4 4.
Nxe4 Nd7 5. Nf3 Ngf6 6. Nxf6+ Nxf6 7. g3 Be7 8. Bg2 O-O 9. O-O Rb8 10. c4 b6 11. Ne5 Bb7 12. Nc6 Bxc6 13. Bxc6 Qd6 14.
Bg2 Rbd8 15. Be3 c5 16. dxc5 Qe5 17. Qc2 Bxc5 18. Bxc5 Qxc5 19. Rfd1 h5 20. Qe2 g6 21. b3 Kg7 22. Bf3 a5 23. Qe3 Qxe3 24. fxe3 Nd7 25. Rd4 Ne5 26. Kf2 Nxf3 27. Kxf3 e5 28. Rd5 Rxd5 29. cxd5 Rc8 30. Rd1 Kf6 31. Ke4 Rc2 32. d6 Rc8 33. d7 Rd8 34. Rd6+ Ke7 35. Kxe5 Rxd7 36. Rxd7+ Kxd7 37. Kf6 Ke8 38. a4 Kf8 39. h4 Ke8 40. e4 Kf8 41. e5 Kg8 42. e6 fxe6 43.
Kxg6 1-0

[Event "*** Titled Tuesday Blitz"]
[Site "Chess.com"]
[Date "2020.04.07"]
[Round "6"]
[White "Gentlejimmy7"]
[Black "AliMentor20"]
[Result "1-0"]
[WhiteElo "2613"]
[BlackElo "2402"]
[TimeControl "180+1"]
[EndTime "14:08:11 PDT"]
[Termination "Gentlejimmy7 won by resignation"]

1. d4 Nf6 2. g3 g6 3. Bg2 Bg7 4. Nf3 d5 5. O-O O-O 6. c4 Nc6 7. Na3 Bg4 8. Ne5 Be6 9. Nxc6 bxc6 10. Qa4 Bd7 11. Qa5 Ne8 12. Rd1 e6 13. Bf4 g5 14.
Be3 h6 15. Rac1 Qb8 16. b3 Qb6 17. Qd2 Qa6 18. Nb1 Qb6 19. h4 f6 20. Nc3 Bc8 21.
Na4 Qb8 22. Nc5 Nd6 23. Bh3 Re8 24. Bg4 Re7 25. Qd3 f5 26. hxg5 fxg4 27. gxh6 Nf5 28. hxg7 Rxg7 29. Bf4 Bd7 30. e4 Nd6 31. Be5 dxe4 32.
Nxe4 Nxe4 33. Qxe4 Qf8 34. Bxg7 Qxg7 35. Qe5 Rf8 36. Qxg7+ Kxg7 37. d5 exd5 38. cxd5 cxd5 39. Rxc7 Rf7 40. Rxd5 Be6 41. Rxf7+ Kxf7 42. Ra5 1-0

[Event "*** Titled Tuesday Blitz"]
[Site "Chess.com"]
[Date "2020.04.07"]
[Round "6"]
[White "csati17"]
[Black "norwaytoadog"]
[Result "1-0"]
[WhiteElo "2468"]
[BlackElo "2279"]
[TimeControl "180+1"]
[EndTime "14:08:11 PDT"]
[Termination "csati17 won by checkmate"]

1. c4 e5 2. g3 Nf6 3. Bg2 Nc6 4. Nc3 Bb4 5. Nd5 O-O 6. Nxb4 Nxb4 7. d3 d5 8. cxd5 Nbxd5 9. Nf3 Re8 10. O-O c6 11. b3 e4 12. dxe4 Nxe4 13. Qc2 a5 14.
a3 a4 15. b4 Qf6 16. Bb2 Qh6 17. Nh4 f5 18. b5 Bd7 19. bxc6 bxc6 20. Nf3 f4 21.
Ne5 fxg3 22. hxg3 Nxg3 23. Bxd5+ cxd5 24. fxg3 Qe3+ 25. Kg2 Rxe5 26. Bxe5 Qxe5 27. Rad1 Rc8 28. Qd3 d4 29. Rc1 Rc3 30. Rxc3 dxc3 31. Qxd7 Qxe2+ 32. Kg1 Qe3+ 33. Rf2 Qe1+ 34. Kg2 Qe4+ 35. Kh3 Qh1+ 36. Kg4 Qe4+ 37. Rf4 Qe2+ 38. Kh3 Qh5+ 39. Kg2 Qe2+ 40. Rf2 Qe4+ 41. Kh2 c2 42. Qf7+ Kh8 43. Qf8# 1-0

[Event "*** Titled Tuesday Blitz"]
[Site "Chess.com"]
[Date "2020.04.07"]
[Round "6"]
[White "VinzentSpitzl"]
[Black "aquiles88"]
[Result "1/2-1/2"]
[WhiteElo "2356"]
[BlackElo "2220"]
[TimeControl "180+1"]
[EndTime "14:08:12 PDT"]
[Termination "Game drawn by repetition"]

1. e4 c5 2. Nf3 h6 3. d4 cxd4 4.
Nxd4 Nf6 5. Nc3 e5 6. Nf5 d6 7. Bb5+ Nc6 8. O-O Be6 9. b3 Qd7 10. Ne3 a6 11. Bxc6 bxc6 12. Qd3 d5 13. exd5 cxd5 14. Na4 Qc6 15. Bb2 Bd6 16. Rad1 Rd8 17.
Nf5 Bxf5 18. Qxf5 d4 19. c3 dxc3 20. Bxc3 O-O 21. Rfe1 Rfe8 22. Bb2 Qb5 23. Qb1 a5 24. h3 Qc6 25. Nc3 Bb4 26. Rc1 Qd6 27. Ne4 Nxe4 28.
Qxe4 Qd3 29. Qxd3 Rxd3 30. Bxe5 Rd2 31. Bg3 Rxe1+ 32. Rxe1 Rxa2 33. Re3 Kh7 34. Kh2 Bc5 35. Re5 Bxf2 36. Bxf2 Rxf2 37. Rxa5 Rb2 38. Rb5 f6 39.
Rb7 h5 40. b4 Kg6 41. h4 Rb3 42. g3 Rb2+ 43. Kh3 Rb3 44. Kh2 Rb2+ 45. Kh3 Rb3 46. Kh2 1/2-1/2

[Event "*** Titled Tuesday Blitz"]
[Site "Chess.com"]
[Date "2020.04.07"]
[Round "6"]
[White "SahaNeelash"]
[Black "swisspower96"]
[Result "1-0"]
[WhiteElo "2513"]
[BlackElo "2654"]
[TimeControl "180+1"]
[EndTime "14:08:13 PDT"]
[Termination "SahaNeelash won by resignation"]

1. d4 Nf6 2. Bg5 d5 3. e3 Nbd7 4. Nf3 e6 5. Nbd2 c5 6. c3 Be7 7.
Bd3 O-O 8. Bxf6 Nxf6 9. Ne5 b5 10. f4 b4 11. O-O Bb7 12. Qb1 Rb8 13. Rf3 bxc3 14.
bxc3 Ba6 15. Qc2 Bxd3 16. Nxd3 Ne4 17. Ne5 Nxd2 18. Qxd2 Qc7 19. Rh3 Bd6 20. Rf1 cxd4 21. exd4 Rb7 22. Qe2 f6 23. Qh5 h6 24. Ng6 Rfb8 25. Qg4 f5 26. Qe2 Qf7 27. Ne5 Qf6 28.
Rg3 Rb2 29. Qd3 Rxa2 30. Nd7 Qd8 31. Nxb8 Qxb8 32. Rb1 Rb2 33. Rxb2 Qxb2 34. Rf3 a5 35. Rf2 Qc1+ 36. Rf1 Qa3 37. Qe3 Kf7 38. Re1 Kg8 39. Qxe6+ Kh7 40. Qxf5+ g6 41. Qf7+ 1-0

[Event "*** Titled Tuesday Blitz"]
[Site "Chess.com"]
[Date "2020.04.07"]
[Round "6"]
[White "Shivagami"]
[Black "ChristianAlm"]
[Result "1-0"]
[WhiteElo "2180"]
[BlackElo "2382"]
[TimeControl "180+1"]
[EndTime "14:08:14 PDT"]
[Termination "Shivagami won on time"]

1. d4 Nf6 2. Bf4 d5 3. e3 g6 4. Nf3 Bg7 5. Be2 O-O 6. O-O c5 7. c3 Nc6 8. Nbd2 cxd4 9. exd4 Bf5 10. Ne5 Ne4 11. Ndf3 f6 12. Nxc6 bxc6 13. Qb3 Qb6 14. Qa3 Rfe8 15. c4 e5 16. dxe5 fxe5 17. Be3 d4 18.
Bc1 Bf8 19. Qa4 Nc5 20. Qa3 a5 21. Bd2 Bc2 22. b4 axb4 23. Qxb4 Qxb4 24. Bxb4 d3 25. Bd1 e4 26. Bxc2 dxc2 27. Nd4 Nd3 28. Bxf8 c1=Q 29.
Rfxc1 Nxc1 30. Bc5 Nd3 31. Bb6 Rec8 32. c5 Nb4 33. a4 Nd5 34. a5 Ra6 35. Rb1 Nxb6 36. axb6 Kf8 37. Nxc6 Ra5 38. Nxa5 Rxc5 39. b7 Rb5 40.
Rxb5 1-0

[Event "*** Titled Tuesday Blitz"]
[Site "Chess.com"]
[Date "2020.04.07"]
[Round "6"]
[White "levallem"]
[Black "Caclox"]
[Result "1-0"]
[WhiteElo "2127"]
[BlackElo "2480"]
[TimeControl "180+1"]
[EndTime "14:08:15 PDT"]
[Termination "levallem won by resignation"]

1. d4 Nf6 2. c4 c5 3. dxc5 Na6 4. e3 Nxc5 5. Nf3 e6 6. Nc3 a6 7. b3 Be7 8. Bb2 O-O 9. Be2 d5 10. O-O b6 11. cxd5 exd5 12. Qd4 Re8 13. Rfd1 Bb7 14. Rac1 Rc8 15. Ne5 Bd6 16. Nd3 Ne6 17. Qh4 d4 18. exd4 Nxd4 19. Bf1 Nf5 20. Qg5 Qd7 21. Ne1 h6 22. Qd2 Qe7 23. Na4 Ne4 24. Qd3 Qh4 25. g3 Qe7 26. Rxc8 Rxc8 27. Nxb6 Re8 28. Nd5 Bxd5 29.
Qxd5 Bc5 30. Nd3 Bxf2+ 31. Nxf2 Nxf2 32. Kxf2 Ne3 33. Qd2 Nxd1+ 34. Qxd1 Qe3+ 35. Kg2 Qe4+ 36. Qf3 Qc2+ 37. Qf2 Qe4+ 38. Kg1 Rd8 39. Bc3 Rc8 40. Qd4 Qg6 41. Bd3 Qg5 42. Qe5 Qc1+ 43. Be1 Qc3 44. Bxc3 1-0

[Event "*** Titled Tuesday Blitz"]
[Site "Chess.com"]
[Date "2020.04.07"]
[Round "6"]
[White "FMAntonio"]
[Black "GMNeiksans"]
[Result "0-1"]
[WhiteElo "2550"]
[BlackElo "2834"]
[TimeControl "180+1"]
[EndTime "14:08:16 PDT"]
[Termination "GMNeiksans won on time"]

1. d4 Nf6 2. c4 b6 3. Nc3 Bb7 4.
a3 g6 5. f3 Nc6 6. d5 Ne5 7. e4 d6 8. f4 Ned7 9. Nf3 Bg7 10. Bd3 O-O 11. O-O c6 12. Kh1 cxd5 13.
cxd5 Nc5 14. Bc2 Ba6 15. Re1 e6 16. b4 Ncxe4 17. Nxe4 Nxe4 18. Bxe4 Bxa1 19. dxe6 fxe6 20. Bxa8 Qxa8 21. Rxe6 Bc4 22. Rxd6 Qe4 23. Ng5 Qb1 24. h4 Bf6 25. Nf3 Qf5 26. Be3 b5 27. Rd7 Qg4 28.
Qd6 Bxh4 29. Ne5 Qf5 30. Qc7 Bf7 31. Rxf7 Rxf7 32. Nxf7 Qxf7 33. Qxf7+ Kxf7 34. Bxa7 Ke6 35. Kh2 Kd5 36. g3 Bf6 37. Bc5 Bb2 38. Kh3 Kc4 39. g4 Bxa3 40. f5 gxf5 41. gxf5 Kd5 42. Kg4 Bc1 43.
Kh5 Ke5 44. Kg4 Bd2 45. Be7 h5+ 46. Kxh5 Kxf5 47. Bf8 Ke4 48. Kg6 Kd5 49. Kf5 Kc4 50. Ke6 Bc3 51. Be7 Bxb4 0-1

[Event "*** Titled Tuesday Blitz"]
[Site "Chess.com"]
[Date "2020.04.07"]
[Round "6"]
[White "DeGrootteZ"]
[Black "MITerryble"]
[Result "1-0"]
[WhiteElo "2714"]
[BlackElo "2885"]
[TimeControl "180+1"]
[EndTime "14:08:17 PDT"]
[Termination "DeGrootteZ won on time"]

1. e4 e6 2. d4 d5 3. Nc3 Nf6 4. e5 Nfd7 5. f4 c5 6. Nf3 Nc6 7. Be3 Be7 8. Qd2 O-O 9. h4 a6 10. h5 b5 11. Ne2 cxd4 12. Nexd4 Nxd4 13. Nxd4 Bb7 14. O-O-O Nc5 15. Bd3 Ne4 16. Bxe4 dxe4 17. Nb3 Bd5 18. Qa5 Qxa5 19. Nxa5 Rfc8 20. Kb1 Bb4 21. Nb3 a5 22. Nd4 Rab8 23. Rhe1 Bxe1 24. Rxe1 a4 25. g4 f6 26. a3 fxe5 27. fxe5 b4 28.
axb4 Rxb4 29. Re2 Rcb8 30. c3 R4b7 31. Rc2 Bc4 32. Ka1 a3 33. b4 Rf8 34. Rc1 Rbf7 35.
Nc2 Rf3 36. Bd4 Ra8 37. Ne3 Bd3 38. c4 Rd8 39. Bc5 Rf2 40. Nd5 Rc2 41. Rxc2 Bxc2 42.
Ne3 Bb3 43. Bd6 Rd7 44. b5 a2 45. c5 Rb7 46. c6 Ra7 47. b6 Ra5 48. c7 1-0

[Event "*** Titled Tuesday Blitz"]
[Site "Chess.com"]
[Date "2020.04.07"]
[Round "6"]
[White "DerSchachaffe"]
[Black "Bad4life"]
[Result "0-1"]
[WhiteElo "2457"]
[BlackElo "2329"]
[TimeControl "180+1"]
[EndTime "14:08:17 PDT"]
[Termination "Bad4life won on time"]

1. e4 c5 2. Nf3 g6 3. d4 cxd4 4. c3 d3 5. Bxd3 Bg7 6. c4 Nc6 7. O-O Nf6 8. Nc3 O-O 9. Bg5 h6 10. Be3 d6 11. h3 Kh7 12. Rc1 Nd7 13. Qd2 b6 14. Rfd1 Bb7 15. Nd5 e6 16. Nf4 Nc5 17.
Bb1 Ne5 18. Nxe5 dxe5 19. Bxc5 bxc5 20. Qxd8 Raxd8 21. Ne2 f5 22. Rxd8 Rxd8 23. Nc3 Rd2 24. b3 Bf6 25. Rd1 Rd4 26. Re1 Bc6 27. f3 Bh4 28.
Re2 Bd8 29. Kf2 Ba5 30. Rc2 Kg7 31. Ke2 Kf6 32. Nd1 fxe4 33. Rb2 exf3+ 34. gxf3 e4 35. Nf2 exf3+ 36. Ke3 Bc3 37. Rc2 Ba5 38. a3 Bc7 39. Nd3 Bd6 40. b4 Ba4 0-1

[Event "*** Titled Tuesday Blitz"]
[Site "Chess.com"]
[Date "2020.04.07"]
[Round "6"]
[White "dmosesov"]
[Black "bangchess21"]
[Result "1/2-1/2"]
[WhiteElo "2497"]
[BlackElo "2642"]
[TimeControl "180+1"]
[EndTime "14:08:19 PDT"]
[Termination "Game drawn by repetition"]

1. d4 Nf6 2. c4 e6 3. Nf3 Bb4+ 4.
Bd2 a5 5. Qc2 d6 6. e4 e5 7. d5 Bc5 8. Be2 Bg4 9. h3 Bh5 10.
Nc3 Nbd7 11. a3 h6 12. Rb1 Bxf3 13. Bxf3 Bd4 14. Ne2 Bb6 15. b4 c6 16. O-O axb4 17. axb4 O-O 18. Ng3 Bd4 19. Nf5 cxd5 20. cxd5 Qb6 21.
Bxh6 gxh6 22. Qd2 Ne8 23. Qxh6 Qd8 24. Bg4 Qf6 25. Qd2 Nb6 26. Rb3 Ng7 27. Rg3 Nc4 28. Qe2 Nb6 29. Bh5 Rfc8 30. Rxg7+ Qxg7 31. Nxg7 Kxg7 32. Qg4+ Kf8 33. Qf5 Rc7 34. Kh1 Nc4 35. Qg5 b5 36. f4 Ne3 37. Qh6+ Ke7 38. fxe5 Nxf1 39. exd6+ Ke8 40. dxc7 Ng3+ 41. Kh2 Nf1+ 42. Kh1 Ng3+ 43. Kh2 Nf1+ 44. Kh1 1/2-1/2

[Event "*** Titled Tuesday Blitz"]
[Site "Chess.com"]
[Date "2020.04.07"]
[Round "6"]
[White "rugbyclub"]
[Black "canary2016"]
[Result "1-0"]
[WhiteElo "2112"]
[BlackElo "1816"]
[TimeControl "180+1"]
[EndTime "14:08:19 PDT"]
[Termination "rugbyclub won by checkmate"]

1. d4 d5 2. c4 c6 3. cxd5 cxd5 4.
Nc3 Nf6 5. Bf4 Nc6 6. e3 Bf5 7.
Qb3 Qd7 8. Nf3 e6 9. Bb5 a6 10. Ne5 Qc8 11. Bxc6+ bxc6 12. Qa4 Be7 13. Qxc6+ Qxc6 14. Nxc6 Rc8 15. Nxe7 Kxe7 16. f3 Rhd8 17. Kd2 Rd7 18.
Rac1 Rcd8 19. h3 Rb7 20. b3 h6 21. g4 Bh7 22. h4 Nd7 23. Na4 f6 24. Nc5 Nxc5 25. Rxc5 Kd7 26. Rhc1 Ra7 27. Rc7+ Rxc7 28. Rxc7+ Ke8 29. Rxg7 Bb1 30. Rg8+ Kd7 31. Rxd8+ Kxd8 32. Bxh6 Bxa2 33. Kc2 e5 34. Kb2 Bxb3 35. Kxb3 Ke7 36. Kb4 Kf7 37. h5 Kg8 38. Ka5 Kh7 39. Bf8 Kg8 40.
Bd6 exd4 41. exd4 Kg7 42. Kxa6 Kh6 43. Kb6 Kg7 44. Kc5 Kf7 45. Kxd5 Kg7 46. Ke6 Kh7 47. Kxf6 Kh6 48. g5+ Kh7 49. g6+ Kh8 50. h6 Kg8 51. Be5 Kh8 52. Kf7# 1-0

[Event "*** Titled Tuesday Blitz"]
[Site "Chess.com"]
[Date "2020.04.07"]
[Round "6"]
[White "SavelijTartakover"]
[Black "hermionegrangermagic"]
[Result "1-0"]
[WhiteElo "2629"]
[BlackElo "2473"]
[TimeControl "180+1"]
[EndTime "14:08:20 PDT"]
[Termination "SavelijTartakover won on time"]

1. d4 Nf6 2. c4 e6 3. Nf3 d5 4.
Bg5 Be7 5. e3 O-O 6. Nc3 h6 7. Bh4 Ne4 8. Bxe7 Qxe7 9. Qc2 Nxc3 10.
Qxc3 c6 11. h4 Nd7 12. Bd3 Re8 13. g4 dxc4 14. Bxc4 e5 15. g5 exd4 16. Nxd4 Ne5 17. Be2 c5 18. Nb3 c4 19. Nd4 Be6 20. gxh6 gxh6 21.
O-O-O Rac8 22. Kb1 Qf6 23. Rhg1+ Kh8 24. Nxe6 Rxe6 25.
f4 Ng6 26. Qxf6+ Rxf6 27. Rd7 Re8 28. Bxc4 Rxe3 29. Bxf7 Re7 30. Rxg6 Rexf7 31. Rxh6+ Kg7 32. Rxf6 Rxd7 33. Re6 Kf7 34. Rh6 Kg7 35. Rh5 Rd4 36. Rf5 Kg6 37. Rf8 Kg7 38. Rb8 Rd7 39. a3 Kf6 40. h5 Rf7 41. Rg8 Kf5 42. h6 Rh7 43. Rg7 Rxh6 44. Rxb7 Ra6 45. Rb4 Rc6 46. Ka2 a5 47.
Rb5+ 1-0